 Dungeon Crawl Stone Soup version 0.30.1-4-g462c640d31 (webtiles) character file.

Game seed: 568229972866335218

74 Kurtz the Trooper (level 4, -1/29 HPs)
             Began as a Tengu Fighter on Sept 18, 2023.
             Slain by a gnoll
             ... wielding a +0 halberd
              (11 damage)
             ... on level 3 of the Dungeon.
             The game lasted 00:02:27 (852 turns).

Kurtz the Trooper (Tengu Fighter)                    Turns: 852, Time: 00:02:27

Health: -1/29      AC:  6    Str: 18    XL:     4   Next: 28%
Magic:  5/5        EV:  9    Int:  8    God:
Gold:   88         SH:  5    Dex: 14    Spells: 3/3 levels left

rFire   . . .        a - +0 war axe
rCold   . . .        c - +0 buckler
rNeg    . . .        b - +0 scale mail
rPois   .            (helmet restricted)
rElec   .            (no cloak)
rCorr   .            (no gloves)
SInv    .            (boots unavailable)
Will    .....        (no amulet) Stlth
                     (no ring)
HPRegen 0.24/turn    (no ring)
MPRegen 0.09/turn

%: no passive effects
@: mighty
A: beak, talons 3
a: no special abilities


You were on level 3 of the Dungeon.
You visited 1 branch of the dungeon, and saw 3 of its levels.

You collected 88 gold pieces.

Inventory:

Hand Weapons
 a - a +0 war axe (weapon)
Missiles
 m - 6 poisoned darts (quivered)
Armour
 b - a +0 scale mail (worn)
 c - a +0 buckler (worn)
Scrolls
 h - a scroll of fog {unknown}
 i - a scroll of torment {unknown}
 j - a scroll of amnesia {unknown}
 l - a scroll of identify {unknown}
Potions
 e - 3 potions of ambrosia {unknown}
 f - a potion of haste {unknown}
 g - a potion of flight {unknown}
 k - a potion of curing {unknown}


   Skills:
 * Level 4.0 Fighting
 * Level 3.9 Axes
 - Level 3.2 Armour
 - Level 3.0 Shields


You had 3 spell levels left.
You didn't know any spells.
Your spell library was empty.

Dungeon Overview and Level Annotations

Branches:
Dungeon (2/15)

Altars:
Nemelex Xobeh

Shops:
D:1 =[[?!   D:2 (


Innate Abilities, Weirdness & Mutations

You have a beak for a mouth.
You have claws for feet.


Message History

You kill the bat!
The kobold hits you but does no damage.
You are poisoned.
You slash the kobold!
You kill the kobold!
You feel very sick.
You slash the gnoll!
You kill the gnoll!
You feel sick.
You have reached level 4!
You feel agile.
You feel sick.
Items here: )) ††.
You feel sick.
You feel sick.
You feel sick.
You start resting.
You feel sick.
You are no longer poisoned.
You start resting.
A gnoll is nearby!
The gnoll shouts!
You start resting.
A gnoll is nearby!
A gnoll comes into view. It is wielding a +0 halberd.
The gnoll shouts!
The gnoll barely misses you.
You barely miss the gnoll. You peck the gnoll!
The gnoll is heavily wounded.
The gnoll completely misses you. You block the gnoll's attack.
You barely miss the gnoll. You claw the gnoll.
You kill the gnoll!
Your Fighting skill increases to level 4!
The gnoll hits you with a +0 halberd.
Things that are here:
a +0 spear; a gnoll corpse You closely miss the gnoll.
Your kick misses the gnoll. Your peck misses the gnoll.
The gnoll hits you with a +0 halberd.
You closely miss the gnoll. Your kick misses the gnoll.
The gnoll hits you with a +0 halberd!
You die...

........#
..!.....#
........# ###
..^.....###..
..........#.######
........#.#.#....#
..........#.#.##@#
.........##.#.##g#
.....(...##.#.##)#
............#.##.#
.........##.#.##.#
..............##.#
...............#.#
.........#####.#.#
.........# #..#..


You could see a gnoll.

Vanquished Creatures
  2 gnolls (D:3)
  An adder (D:3)
  2 dart slugs
  5 endoplasms
  4 giant cockroaches
  6 goblins
  5 hobgoblins
  2 quokkas
  5 ball pythons (D:1)
  2 bats
  2 frilled lizards (D:1)
  2 kobolds
38 creatures vanquished.

Notes
Turn   | Place    | Note
-------+----------+-------------------------------------------
     0 | D:1      | Kurtz the Tengu Fighter began the quest for the Orb.
     0 | D:1      | Reached XP level 1. HP: 14/14 MP: 2/2
    33 | D:1      | Found Jysku's Armour Shoppe.
    94 | D:1      | Reached XP level 2. HP: 19/19 MP: 3/3
   119 | D:1      | Found Emniw's Antique Armour Emporium.
   148 | D:1      | Found Qaitah's Distillery.
   315 | D:1      | Reached XP level 3. HP: 22/23 MP: 4/4
   381 | D:1      | Found Cuxkeite's Magic Scroll Shop.
   459 | D:1      | Found Xuxorein's Jewellery Emporium.
   683 | D:2      | Found Oxzomaol's Antique Weapon Shoppe.
   798 | D:2      | Found a sparkling altar of Nemelex Xobeh.
   799 | D:2      | You fall into a shaft and drop 1 floor!
   833 | D:3      | Reached XP level 4. HP: 19/29 MP: 5/5
   850 | D:3      | Reached skill level 4 in Fighting
   852 | D:3      | Slain by a gnoll

Illustrated notes

Levels and vault maps discovered:
D:1:      eino_arrival_druids_welcome, layout_loops_ring, serial_shops, shop,
          nicolae_square_shop, shop, shop, shop_statue,
          dreamdust_princess_corridor
D:2:      layout_loops_ring, serial_shops, shop, basic_altar
D:3:      layout_basic, ebering_ghost_inner_flame, serial_glass,
          glass_columns_c, glass_columns_a, feat_on_display

Skill      XL: |  1  2  3  4 |
---------------+-------------+-----
Axes           | 3 |  3.9
Fighting       | 4 |  4.0
Armour         | |  3.2
Shields        | |  3.0

Action                     |  1- 3 |  4- 6 || total
---------------------------+-------+-------++-------
  Melee: War axe           |    63 |     4 ||    67
         Kick              |    14 |     1 ||    15
         Peck              |     5 |     1 ||     6
    Use: Potion            |     1 |       ||     1
 Armour: Scale mail        |    32 |       ||    32
  Dodge: Dodged            |    25 |     2 ||    27
  Block: Buckler           |    14 |     1 ||    15
